AoeStats
← 111111

Arabia

508586660Analyzed
4v4 RM · 10d ago on Sep 23, 2026· 46m 12s· 8 players
Game mode
Random Map
Map size
Large (8 player)
Population
200
Speed
Normal
Resources
Standard
Victory
Conquest
Starting age
Dark Age
Ending age
Imperial Age
RankedLock teamsTeams togetherTeam positionsShared explorationLock speedFull tech treeHidden civsTurbo modeCheats
Victory
Defeat
🇵🇪 Franks · Peru
1393
+12
🇵🇪 Hindustanis · Peru
1242
+18
🇵🇪 Wei · Peru
1190
+20
🇵🇪 Khmer · Peru
1137
+23
🇦🇷 Franks · Argentina
1313
-19
🇨🇳 Magyars · China
1300
-19
🇨🇳 Ethiopians · China
1290
-18
1264
-17
Мордочка в кефире
7:14 Loom
9:28 Feudal Age
10:29 Double-Bit Axe
10:26 Horse Collar
17:57 Fletching
23:35 Castle Age
23:08 Wheelbarrow
22:57 Scale Barding Armor
23:07 Forging
23:51 Bloodlines
24:39 Chain Barding Armor
32:30 Gold Mining
35:54 Imperial Age
34:57 Iron Casting
34:49 Steppe Husbandry
37:46 Plate Barding Armor
37:28 Elite Steppe Lancer
40:13 Blast Furnace
39:54 Hand Cart
42:33 Gold Shaft Mining
111111
11:13 Feudal Age
11:42 Double-Bit Axe
12:36 Wheelbarrow
17:12 Castle Age
15:20 Gold Mining
16:24 Scale Barding Armor
16:48 Loom
18:00 Forging
21:30 Husbandry
24:34 Hand Cart
24:54 Town Watch
25:48 Gold Shaft Mining
27:11 Chain Barding Armor
29:18 Iron Casting
29:56 Fletching
30:26 Pikeman
31:55 Scale Mail Armor
32:26 Squires
38:56 Imperial Age
36:44 Chain Mail Armor
39:31 Halberdier
42:39 Conscription
43:47 Blast Furnace
43:18 Plate Mail Armor
44:21 Elite Throwing Axeman
萱你在吗
4:02 Loom
阿酷丶
7:13 Loom
9:27 Feudal Age
23:32 Castle Age
DarkOrsted
5:38 Loom
9:08 Feudal Age
9:48 Double-Bit Axe
18:45 Wheelbarrow
19:12 Scale Barding Armor
20:46 Forging
23:50 Castle Age
23:21 Gold Mining
25:00 Bow Saw
25:17 Chain Barding Armor
25:32 Iron Casting
25:08 Husbandry
24:28 Light Cavalry
25:36 Town Watch
33:49 Hand Cart
33:27 Stone Mining
34:13 Gold Shaft Mining
37:06 Town Patrol
43:37 Imperial Age
42:51 Fletching
44:41 Conscription
44:22 Chivalry
43:50 Cavalier
45:07 Plate Barding Armor
45:32 Blast Furnace
45:16 Paladin
Robert_Kan
1:58 Loom
10:25 Feudal Age
14:56 Double-Bit Axe
15:25 Fletching
15:35 Padded Archer Armor
16:12 Horse Collar
22:40 Castle Age
21:06 Gold Mining
22:12 Bloodlines
23:23 Wheelbarrow
22:49 Crossbowman
23:48 Bodkin Arrow
24:19 Bow Saw
25:12 Heavy Plow
29:29 Thumb Ring
32:20 Leather Archer Armor
35:17 Wheelbarrow
35:40 Town Watch
36:48 Ballistics
37:40 Hand Cart
38:53 Squires
38:14 Pikeman
41:52 Imperial Age
39:54 Scale Mail Armor
40:05 Forging
41:26 Chain Mail Armor
42:31 Iron Casting
42:01 Halberdier
42:45 Bracer
43:17 Ring Archer Armor
43:31 Parthian Tactics
44:09 Chemistry
44:11 Arson
44:49 Masonry
45:24 Conscription
juankmh
3:23 Loom
10:40 Feudal Age
16:43 Padded Archer Armor
17:57 Wheelbarrow
24:55 Castle Age
22:50 Double-Bit Axe
23:09 Fletching
24:40 Scale Barding Armor
24:46 Forging
26:22 Horse Collar
27:31 Husbandry
27:34 Heavy Plow
32:30 Iron Casting
33:14 Bow Saw
33:22 Hand Cart
39:13 Imperial Age
37:17 Scale Mail Armor
38:23 Town Watch
39:09 Chain Mail Armor
38:20 Man-at-Arms
38:48 Pikeman
39:03 Long Swordsman
39:48 Two-Handed Swordsman
40:14 Halberdier
44:42 Capped Ram
45:35 Town Patrol
CharlesPK
9:44 Feudal Age
10:08 Loom
10:33 Double-Bit Axe
10:30 Horse Collar
15:25 Bloodlines
16:30 Wheelbarrow
16:42 Scale Barding Armor
18:31 Forging
19:22 Town Watch
23:50 Castle Age
22:49 Gold Mining
25:01 Bow Saw
24:52 Heavy Plow
24:54 Husbandry
25:29 Chain Barding Armor
27:29 Iron Casting
30:51 Gold Shaft Mining
32:01 Hand Cart
35:41 Stone Mining
38:00 Stone Shaft Mining
46:08 Imperial Age
44:54 Scale Mail Armor
44:57 Squires
44:42 Arson
45:58 Chain Mail Armor
46:05 Town Patrol
Connection lost

Rejoining the realm…

Still unreachable

The connection could not be restored.

Session expired

The server has moved on; the page needs a fresh start.